 Dungeon Crawl Stone Soup version 0.18-a0-1748-g7377c14 (webtiles) character file.

366 nubinia the Grasshopper (level 6, 38/41 HPs)
             Began as a High Elf Warper on Apr 12, 2016.
             Quit the game on level 5 of the Dungeon.
             The game lasted 00:25:32 (6116 turns).

nubinia the Grasshopper (High Elf Warper)           Turns: 6116, Time: 00:25:33

Health: 38/41      AC:  4    Str: 10    XL:     6   Next: 40%
Magic:  11/11      EV: 13    Int: 18    God:
Gold:   189        SH:  0    Dex: 16    Spells: 4 memorised, 3 levels left

rFire  . . .     SeeInvis .     a - +1 falchion
rCold  + . .     Gourm    .     b - +0 leather armour
rNeg   . . .     Faith    .     (no shield)
rPois  .         Spirit   .     (no helmet)
rElec  .         Dismiss  .     (no cloak)
rCorr  .         Reflect  .     (no gloves)
SustAt .         Harm     .     r - +0 pair of boots
MR     .....                    p - amulet of magic regeneration
Stlth  +.........               (no ring)
                                l - ring of protection from cold

@: not resistant to hostile enchantments, very unstealthy
A: no striking features
a: no special abilities


You were on level 5 of the Dungeon.
You were hungry.

You visited 1 branch of the dungeon, and saw 5 of its levels.

You collected 189 gold pieces.

Inventory:

Hand Weapons
 a - a +1 falchion (weapon)
 y - a cursed -1 whip
Missiles
 e - 5 tomahawks of dispersal (quivered)
 s - 61 arrows
 t - 9 poisoned needles
Armour
 b - a +0 leather armour (worn)
 r - a +0 pair of boots (worn)
 z - a +0 cloak
Jewellery
 l - a ring of protection from cold (left hand)
 p - an amulet of magic regeneration (around neck)
Wands
 x - a wand of confusion (31/48)
Scrolls
 d - a scroll of blinking
 g - a scroll of teleportation
 i - a scroll of random uselessness
 j - a scroll of remove curse
 m - a scroll of fear
 o - 2 scrolls of identify
Potions
 n - a potion of haste
 q - a potion of agility
 u - 2 potions of lignification
Books
 c - a book of Spatial Translocations

   Spells                             Type                      Level
   a - Apportation                    Translocation                1
   b - Blink                          Translocation                2
   c - Shroud of Golubria             Charms/Translocation         2
   d - Portal Projectile              Translocation                3
   e - Teleport Other                 Translocation                3
   f - Passage of Golubria            Translocation                4
Comestibles
 f - 4 bread rations
 v - a meat ration


   Skills:
 + Level 2.9 Fighting
 + Level 4.0 Long Blades
 + Level 1.0 Throwing
 + Level 2.3 Armour
 + Level 3.8 Dodging
 + Level 0.2 Stealth
 + Level 3.1 Spellcasting
 + Level 2.1 Charms
 + Level 4.5 Translocations


You had 3 spell levels left.
You knew the following spells:

 Your Spells              Type           Power        Failure   Level  Hunger
a - Apportation           Tloc           ###.......   3%          1    None
b - Blink                 Tloc           N/A          6%          2    ##.....
c - Teleport Other        Tloc           ###.....     12%         3    ###....
g - Shroud of Golubria    Chrm/Tloc      ##........   10%         2    ##.....


Dungeon Overview and Level Annotations

Branches:
Dungeon (5/15)
 Temple: D:4-7

Altars:
Elyvilon

Annotations:
D:5 Edmund


Message History

You feel sick.
Edmund gestures with his flail.
You feel sick.
You feel sick.
You feel sick.
You are no longer poisoned.
Some of the chunks of flesh in your inventory have rotted away.
You see here 2 golden potions.
The gnoll shouts!
You hear the brisk rusting of a very distant drain.
The gnoll closely misses you.
There is a stone staircase leading down here.
The ice beast barely misses you.
You hear the quick rusting of a very distant drain.
All of the chunks of flesh in your inventory have rotted away.
There is an open door here.
You see here a rapier.
The gnoll hits you from afar with an enchanted spear.
You hear the quick rusting of a very distant drain.
Are you sure you want to abandon this character and quit the game? (Confirm with "yes".)

#..................#
##.###..@.........('
#.gg.............(#
########.#'#......(.
#...g.@g.#.#.#######
###@######Y#.# #..
#.# #.#o# #.# #Y#
#.#.# #.# #@# #o#o#
#o# #.# #.#.# #.#
#.# #.#.#####o# #.#
#.#.o.o...# #.#
#.######### #.#
#....Yoo...
#.################
#........)........
##################


You could see Edmund, an ice beast and a gnoll sergeant.

Vanquished Creatures
  Crazy Yiuf (D:4)
  2 orc priests (D:3)
  An orc wizard (D:5)
  3 worker ants
  A gnoll (D:5)
  7 adders
  3 oozes
  4 worms
  3 dart slugs
  5 giant geckos
  3 orcs
  7 bats
  3 giant cockroaches
  6 goblins
  3 hobgoblins (D:1)
  7 jackals
  A quokka (D:4)
  2 ball pythons
  6 giant newts
  4 kobolds
  A quokka skeleton (D:4)
  7 rats
80 creatures vanquished.

Notes
Turn   | Place    | Note
--------------------------------------------------------------
     0 | D:1      | nubinia the High Elf Warper began the quest for the Orb.
     0 | D:1      | Reached XP level 1. HP: 14/14 MP: 4/4
    79 | D:1      | Reached skill level 1 in Armour
   758 | D:1      | Reached XP level 2. HP: 11/19 MP: 6/6
   886 | D:1      | Learned a level 2 spell: Blink
  1086 | D:2      | Found a white marble altar of Elyvilon.
  1161 | D:2      | Reached XP level 3. HP: 8/24 MP: 7/7
  1168 | D:2      | Learned a level 2 spell: Shroud of Golubria
  2563 | D:2      | Reached XP level 4. HP: 30/30 MP: 6/8
  3465 | D:3      | Reached XP level 5. HP: 5/36 MP: 9/9
  3990 | D:3      | Reached skill level 1 in Charms
  5026 | D:4      | Noticed Crazy Yiuf
  5035 | D:4      | Killed Crazy Yiuf
  5337 | D:4      | Reached XP level 6. HP: 29/41 MP: 8/11
  5461 | D:4      | Learned a level 3 spell: Teleport Other
  5558 | D:5      | Entered Level 5 of the Dungeon
  5659 | D:5      | Noticed an ice beast
  5973 | D:5      | Noticed Edmund
  6116 | D:5      | Quit the game

Vault maps used:
D:1:      ncdulo_halloftheorcs, grunt_decor_cap
D:2:      first_bread, elyvilon_altar_3
D:4:      uniq_crazy_yiuf_cottage
D:5:      gup_sewer_entry_bubbles, uniq_edmund

Skill      XL: |  1  2  3  4  5  6 |
---------------+-------------------+-----
Armour         | 1 2 |  2.3
Long Blades    | 3 4 |  4.0
Dodging        | 3 |  3.8
Charms         | 1 2 |  2.1
Translocations | 4 |  4.5
Spellcasting   | 3 |  3.1
Fighting       | |  2.9
Throwing       | |  1.0
Stealth        | |  0.2

Action                   |  1- 3 |  4- 6 || total
-------------------------+-------+-------++-------
Melee: Falchion          |   145 |   259 ||   404
 Cast: Shroud of Golubri |     2 |    31 ||    33
       Blink             |       |     2 ||     2
  Use: Potion            |     1 |       ||     1
       Scroll            |     4 |     6 ||    10
 Stab: Sleeping          |       |     1 ||     1
  Eat: Chunk             |     6 |    13 ||    19
Armor: Leather armour    |    34 |    47 ||    81
Dodge: Dodged            |    87 |   199 ||   286
